 Dungeon Crawl Stone Soup version 0.20-a0-1065-g8446734 (webtiles) character file.

81 galech the Skirmisher (level 4, -1/49 HPs)
             Began as an Ogre Berserker on Apr 28, 2017.
             Was a Believer of Trog.
             Slain by an adder (3 damage)
             ... on level 2 of the Dungeon.
             The game lasted 00:03:01 (2161 turns).

galech the Skirmisher (Ogre Berserker)              Turns: 2161, Time: 00:03:01

Health: -1/49      AC:  4    Str: 22    XL:     4   Next: 42%
Magic:  4/4        EV: 10    Int:  8    God:    Trog [**....]
Gold:   57         SH:  0    Dex:  8    Spells: 3/3 levels left

rFire    . . .     SeeInvis .   a - +0 mace
rCold    . . .     Gourm    .   (no shield)
rNeg     . . .     Faith    +   b - +0 animal skin
rPois    .         Spirit   .   (helmet restricted)
rElec    .         Reflect  .   l - +0 cloak (curse)
rCorr    .         Harm     .   (gloves unavailable)
MR       .....                  (boots unavailable)
Stlth    +.........             i - amulet of faith
Regen    0.2/turn               (no ring)
MPRegen  0.1/turn               (no ring)

@: slowed, very slow
A: unfitting armour, tough skin 1
a: Berserk, Trog's Hand, Burn Spellbooks, Renounce Religion


You were on level 2 of the Dungeon.
You worshipped Trog.
Trog was pleased with you.
You were not hungry.

You visited 1 branch of the dungeon, and saw 3 of its levels.

You collected 57 gold pieces.

Inventory:

Hand Weapons
 a - a +0 mace (weapon)
Armour
 b - a +0 animal skin (worn)
 l - a cursed +0 cloak (worn)
Jewellery
 i - an amulet of faith (around neck)
Scrolls
 d - a scroll of fog {unknown}
 e - a scroll of remove curse {unknown}
 j - 2 scrolls of teleportation {unknown}
 m - a scroll of enchant armour {unknown}
 n - 3 scrolls of fear {unknown}
 o - a scroll of noise {unknown}
Potions
 k - a potion of might {unknown}
 p - a potion of brilliance {unknown}
Comestibles
 c - 2 bread rations
 f - a royal jelly
 g - a meat ration
 h - a fruit


   Skills:
 + Level 4.6 Fighting
 + Level 3.7 Maces & Flails
 + Level 3.4 Dodging


You had 3 spell levels left.
You didn't know any spells.

Dungeon Overview and Level Annotations

Branches:
Dungeon (3/15)

Altars:

Annotations:
D:2 Grinder


Innate Abilities, Weirdness & Mutations

You are too large for most types of armour.
You have tough skin. (AC +1)


Message History

There is a stone staircase leading down here.
The leopard gecko closely misses you.
The leopard gecko bites you but does no damage.
The giant cockroach bites you.
* * * LOW HITPOINT WARNING * * *
There is an open door here.
Grinder says, "Just stop there for a second..."
The leopard gecko bites you.
* * * LOW HITPOINT WARNING * * *
The leopard gecko closely misses you.
An adder comes into view.
The adder hisses angrily.
The leopard gecko bites you.
* * * LOW HITPOINT WARNING * * *
The leopard gecko closely misses you. The adder barely misses you.
The leopard gecko barely misses you.
Grinder blinks!
The adder closely misses you.
The giant cockroach bites you but does no damage.
The adder bites you.
You die...

#.#...)...# ##'##
#.###### #...<...#.# #.#
#.# ###.#####.# #.# #.#
#.#####.# ##.## #.#
#....##.####ยง..## #.#
#.##.......5....# #.#
#.#####.####.l.#######.#
#.#####.# ##Ss........#
#.......# #@##########
######### #.# #.# #.#
#.# #########
#####.###.......#
#.......(.......#
#.#...##........#
#.#.............#


You could see Grinder, an adder, a leopard gecko and a giant cockroach.

Vanquished Creatures
  2 adders (D:2)
  An ooze (D:3)
  2 worms (D:2)
  2 dart slugs (D:1)
  A leopard gecko (D:1)
  4 giant cockroaches
  A goblin (D:1)
  6 hobgoblins
  4 jackals
  8 kobolds
  2 quokkas (D:2)
  3 bats
  3 frilled lizards
  7 rats
46 creatures vanquished.

Notes
Turn   | Place    | Note
-------+----------+-------------------------------------------
     0 | D:1      | galech the Ogre Berserker began the quest for the Orb.
     0 | D:1      | Reached XP level 1. HP: 24/24 MP: 1/1
   162 | D:1      | Reached XP level 2. HP: 32/32 MP: 2/2
   425 | D:1      | Reached XP level 3. HP: 39/40 MP: 3/3
   602 | D:1      | Reached ** piety under Trog
  1487 | D:2      | Reached XP level 4. HP: 49/49 MP: 4/4
  2116 | D:3      | Noticed Grinder
  2140 | D:3      | Paralysed by Grinder for 5 turns
  2157 | D:2      | HP: 2/49 [leopard gecko (3)]
  2161 | D:2      | Slain by an adder

Vault maps used:
D:1:      kilobyte_arrival_exit_the_forest, minmay_unequal
D:2:      first_bread
D:3:      cheibrodos_pilgrimage, old_standard_altar,
          lemuel_zombie_altar_yredelemnul,
          chequers_ecumenical_altar_simple_redux, gup_sewer_entry_bubbles,
          nrook_mini_vaults, kennysheep_another_room, uniq_robin, uniq_grinder,
          uniq_natasha

Skill      XL: |  1  2 |
---------------+-------+-----
Dodging        | 3 |  3.4
Maces & Flails | 3 |  3.7
Fighting       | |  4.6

Action                   |  1- 3 |  4- 6 || total
-------------------------+-------+-------++-------
Melee: Mace              |   117 |    46 ||   163
Invok: Berserk           |       |     1 ||     1
  Eat: Chunk             |     2 |     1 ||     3
       Meat ration       |       |     1 ||     1
Armor: Animal skin       |    37 |    24 ||    61
Dodge: Dodged            |    88 |    34 ||   122
